AoeStats
← patriksodoma

MegaRandom

505334950Analyzed
2v2 RM · 24d ago on Sep 8, 2026· 54m 33s· 4 players
Game mode
Random Map
Map size
Medium (4 player)
Population
200
Speed
Normal
Resources
Standard
Victory
Conquest
Starting age
Dark Age
Ending age
Imperial Age
RankedLock teamsTeams togetherTeam positionsShared explorationLock speedFull tech treeHidden civsTurbo modeCheats
Victory
Defeat
🇦🇷 Dravidians · Argentina
650
+14
🇳🇿 Bohemians · New Zealand
622
+15
🇦🇷 Khmer · Argentina
628
-15
🇦🇷 Vietnamese · Argentina
588
-14
marian.recolla
6:38 Loom
10:44 Feudal Age
12:09 Wheelbarrow
11:22 Double-Bit Axe
11:20 Horse Collar
21:28 Castle Age
19:25 Stone Mining
21:22 Gold Mining
22:40 Hand Cart
22:43 Bow Saw
29:07 Town Watch
29:30 Fletching
32:25 Imperial Age
30:00 Elite Skirmisher
31:09 Murder Holes
31:30 Scale Mail Armor
32:23 Town Patrol
34:12 Paper Money
35:07 Imperial Skirmisher
37:31 Chain Mail Armor
38:59 Elite Fire Lancer
42:08 Padded Archer Armor
42:39 Plate Mail Armor
agusstre
0:46 Loom
12:12 Feudal Age
12:44 Double-Bit Axe
12:43 Horse Collar
13:09 Town Watch
14:04 Wheelbarrow
17:00 Fletching
17:35 Gold Mining
18:53 Stone Mining
21:41 Castle Age
23:10 Hand Cart
23:40 Murder Holes
23:38 Heated Shot
24:15 Fervor
25:45 Ballistics
25:44 Bodkin Arrow
27:34 Bow Saw
29:13 Stone Shaft Mining
30:04 Heavy Plow
36:11 Imperial Age
34:40 Gold Shaft Mining
36:33 Devotion
36:29 Herbal Medicine
37:16 Conscription
38:54 Chemistry
38:06 Masonry
42:25 Illumination
puchit0
3:57 Loom
7:47 Loom
11:24 Feudal Age
14:36 Double-Bit Axe
21:01 Castle Age
21:54 Wheelbarrow
21:04 Town Watch
21:56 Fletching
22:52 Bow Saw
22:24 Horse Collar
23:54 Town Watch
25:51 Bodkin Arrow
26:15 Squires
25:36 Pikeman
25:44 Elite Skirmisher
27:45 Forging
27:37 Padded Archer Armor
28:08 Siphons
29:27 Hand Cart
29:12 Town Patrol
33:48 Gambesons
35:55 Ballistics
35:41 Siphons
36:02 Thumb Ring
36:38 Heavy Plow
39:33 Imperial Age
41:13 Bracer
41:28 Leather Archer Armor
41:50 Iron Casting
41:16 Scale Mail Armor
41:51 Scale Barding Armor
43:24 Siege Elephant
44:53 Ring Archer Armor
45:34 Elite Elephant Archer
46:20 Halberdier
50:24 Blast Furnace
49:39 Chain Mail Armor
49:45 Chain Barding Armor
53:49 Chain Barding Armor
patriksodoma
7:50 Loom
11:13 Feudal Age
11:44 Double-Bit Axe
12:37 Wheelbarrow
12:02 Horse Collar
19:08 Town Watch
23:12 Castle Age
21:01 Man-at-Arms
23:12 Forging
22:53 Fletching
23:03 Padded Archer Armor
23:08 Scale Mail Armor
23:15 Pikeman
24:09 Heavy Plow
24:49 Squires
25:06 Bow Saw
29:05 Hand Cart
28:51 Town Patrol
30:00 Iron Casting
29:40 Leather Archer Armor
28:59 Crossbowman
32:24 Long Swordsman
32:46 Long Swordsman
33:54 Ballistics
33:30 Murder Holes
34:39 Chemistry
38:47 Imperial Age
37:50 Masonry
37:53 Fortified Wall
41:11 Blast Furnace
40:26 Chain Mail Armor
41:29 Arbalester
48:05 Ring Archer Armor
Connection lost

Rejoining the realm…

Still unreachable

The connection could not be restored.

Session expired

The server has moved on; the page needs a fresh start.